 Dungeon Crawl Stone Soup version 0.28.0-53-g5a82cb258f (webtiles) character file.

Game seed: 1420622862620262507

41 Zeld the Conjurer (level 3, 0/19 HPs)
             Began as a Deep Elf Conjurer on May 24, 2022.
             Killed from afar by Sigmund (2 damage)
             ... with a magic dart
             ... on level 2 of the Dungeon.
             The game lasted 00:01:30 (684 turns).

Zeld the Conjurer (Deep Elf Conjurer)                Turns: 684, Time: 00:01:30

Health: 0/19       AC:  2    Str:  4    XL:     3   Next: 32%
Magic:  4/10       EV: 12    Int: 24    God:
Gold:   40         SH:  0    Dex: 13    Spells: 6/9 levels left

rFire   . . .      SeeInvis .   (no weapon)
rCold   . . .      Faith    .   (no shield)
rNeg    . . .      Spirit   .   a - +0 robe
rPois   .          Reflect  .   (no helmet)
rElec   .          Harm     .   (no cloak)
rCorr   .          Rampage  .   (no gloves)
Will    .....                   (no boots)
Stlth   ++........              (no amulet)
HPRegen 0.06/turn               (no ring)
MPRegen 0.12/turn               (no ring)

@: no status effects
A: no striking features
a: no special abilities


You were on level 2 of the Dungeon.
You visited 1 branch of the dungeon, and saw 2 of its levels.

You collected 40 gold pieces.

Inventory:

Armour
 a - a +0 robe (worn)
Scrolls
 c - 3 scrolls of noise {unknown}
Potions
 b - a potion of invisibility {unknown}


   Skills:
 + Level 2.9 Dodging
 - Level 2.4 Stealth
 * Level 3.7 Spellcasting
 * Level 4.8 Conjurations
 + Level 1.2 Hexes
 + Level 1.0 Translocations


You had 6 spell levels left.
You knew the following spells:

 Your Spells              Type           Power      Damage    Failure   Level
a - Magic Dart            Conj           100%       1d8       1%          1
b - Searing Ray           Conj           54%        2d6       1%          2

Your spell library contained the following spells:

 Spells                   Type           Power      Damage    Failure   Level
 Static Discharge         Conj/Air       16%        N/A       5%          2
 Dazzling Flash           Conj/Hex       36%        N/A       9%          3
 Fulminant Prism          Conj/Hex       9%         3d7       28%         4
 Iskenderun's Mystic Bla  Conj/Tloc      18%        2d6       30%         4
 Sticky Flame             Conj/Fire      16%        2d4       36%         4
 Dispel Undead            Necr           4%         3d7       69%         4


Dungeon Overview and Level Annotations

Branches:
Dungeon (1/15)

Altars:

Annotations:
D:2 Sigmund


Message History

Your Translocations skill increases to level 1!
The searing ray misses Sigmund.
Unknown command.
The searing ray hits Sigmund!
Sigmund is heavily wounded.
Sigmund closely misses you.
The searing ray hits Sigmund.
Sigmund is severely wounded.
You finish channelling your searing ray.
Casting: Searing Ray (safe; 1% risk of failure)
Confirm with . or Enter, or press ? or * to list all spells.
Aiming: Searing Ray (safe; 1% risk of failure)
Press: ? - help, Shift-Dir - straight line, f/p - Sigmund
Aim: Sigmund, wielding a +0 scythe and wearing a +2 robe of willpower (severely wounded, 77% to hit)
The searing ray hits Sigmund.
Sigmund is severely wounded. (Press . to maintain the ray.) Sigmund points at you and mumbles some strange words.
You are confused.
Sigmund closely misses you. Sigmund gestures at you while chanting.
The puff of flame hits you.
Sigmund hits you from afar with a +0 scythe.
You feel less confused. Sigmund casts a spell at you. The magic dart hits you.
Sigmund screams, "I am the angel of ZOT!!!"
Sigmund mumbles some strange words.
Sigmund flickers and vanishes!
Deactivating autopickup; reactivate with Ctrl-A.
A magic dart appears from out of thin air!
The magic dart hits you.
You are confused.
A puff of flame appears from out of thin air!
The puff of flame hits you.
* * * LOW HITPOINT WARNING * * *
You feel less confused.
A magic dart appears from out of thin air!
The magic dart hits you.
You die...

#. .##. #.# .# #..##
#.##.# #.# .#
...#.#####.##.###.# .#
...........#...#..###.#.
.#
##...........#........)#
#.#
#.......#.##............
#.#
......<.......#...#...)#
#.#
#...........#.......#.#.
#.#
##.....@..............#
#.#
##...#...{.#.......###
#.###
##.##....##.#...#.#
....# #....#†###.#...#.#
#.#.##
###.>#.##.....##..
.....#.#
............##.####.
.#.....#
.###....##..##.# .#
.....### #...###..##.###
..#.## #...#..........


There were no monsters in sight!

Vanquished Creatures
  A gnoll (D:1)
  An adder (D:2)
  2 worms (D:2)
  An endoplasm (D:1)
  A giant cockroach (D:2)
  4 goblins
  A ball python (D:2)
  3 bats (D:2)
  2 frilled lizards
  A kobold (D:1)
17 creatures vanquished.

Notes
Turn   | Place    | Note
-------+----------+-------------------------------------------
     0 | D:1      | Zeld the Deep Elf Conjurer began the quest for the Orb.
     0 | D:1      | Reached XP level 1. HP: 10/10 MP: 6/6
   135 | D:1      | Reached XP level 2. HP: 15/15 MP: 1/8
   138 | D:1      | Learned a level 2 spell: Searing Ray
   276 | D:1      | Found a faded altar of an unknown god.
   276 | D:1      | You fall into a shaft and drop 1 floor!
   405 | D:2      | Reached skill level 1 in Hexes
   485 | D:2      | Reached XP level 3. HP: 17/19 MP: 5/10
   657 | D:2      | Noticed Sigmund
   659 | D:2      | Reached skill level 1 in Translocations
   684 | D:2      | Killed from afar by Sigmund

Illustrated notes

Levels and vault maps discovered:
D:1:      lemuel_arrival_broad_hall, layout_loops_ring,
          dilly_ecumenical_altar_fadedgnrine, minmay_misc_feat_nine_boxes,
          minivault_24
D:2:      layout_loops_ring, grunt_ministairs_6, minmay_hedge_maze, uniq_sigmund

Skill      XL: |  1  2  3 |
---------------+----------+-----
Hexes          | 1 |  1.2
Translocations | 1 |  1.0
Dodging        | |  2.9
Stealth        | |  2.4
Spellcasting   | |  3.7
Conjurations   | |  4.8

Action                   || total
-------------------------++-------
 Cast: Magic Dart        ||    16
       Searing Ray       ||    10
Armor: Robe              ||     3
Dodge: Dodged            ||     7
